 Dungeon Crawl Stone Soup version 0.28.0-43-g3370ac3207 (webtiles) character file.

Game seed: 535304713155542443

3399 H0rd4k the Thaumaturge (level 9, -1/43 (46) HPs)
             Began as a Deep Elf Hedge Wizard on Mar 28, 2022.
             Was an Initiate of Gozag.
             Slain by a wight
             ... wielding a +1 hand axe
              (5 damage)
             ... on level 8 of the Dungeon.
             The game lasted 00:13:48 (12152 turns).

H0rd4k the Thaumaturge (Deep Elf Hedge Wizard)     Turns: 12152, Time: 00:13:49

HP:   -1/43 (46)    AC:  5    Str:  7    XL:     9   Next: 75%
MP:   14/27         EV: 13    Int: 28    God:    Gozag
Gold: 725           SH:  0    Dex: 11    Spells: 24/33 levels left

rFire   + . .      SeeInvis .   m - +7 dagger of Tueges {venom, *Noise Will++ Int+4 Dex-3}
rCold   x . .      Faith    .   (no shield)
rNeg    . . .      Spirit   .   b - +0 robe
rPois   .          Reflect  .   I - +2 helmet
rElec   .          Harm     .   o - scarf {shadows}
rCorr   .          Rampage  .   (no gloves)
Will    ++...                   (no boots)
Stlth   ++........              (no amulet)
HPRegen 0.14/turn               x - ring of fire
MPRegen 0.20/turn               (no ring)

@: on blink cooldown, drained
A: no striking features
a: Renounce Religion, Potion Petition, Call Merchant, Bribe Branch


You were on level 8 of the Dungeon.
You worshipped Gozag.
Gozag was pleased with you.
You visited 2 branches of the dungeon, and saw 10 of its levels.

You collected 778 gold pieces.
You paid 53 gold pieces to Gozag.

Inventory:

Hand Weapons
 m - the +7 dagger of Tueges (weapon) {venom, *Noise Will++ Int+4 Dex-3}
   (You found it on level 2 of the Dungeon)

   It poisons the flesh of those it strikes.
   Int:       It affects your intelligence (+4).
   Dex:       It affects your dexterity (-3).
   *Noise:    It may make noises in combat.
   Will:      It greatly increases your willpower.
Missiles
 y - a throwing net
Armour
 b - a +0 robe (worn)
 c - a +0 hat
 o - a scarf of shadows (worn)
 I - a +2 helmet (worn)
Magical Staves
 j - a staff of earth
 v - a staff of air
 E - a staff of fire
Jewellery
 x - a ring of fire (left hand)
Wands
 p - a wand of digging (4)
 z - a wand of charming (10)
 K - a wand of paralysis (8)
Scrolls
 g - a scroll of immolation {unknown}
 l - 2 scrolls of enchant weapon {unknown}
 n - 2 scrolls of vulnerability {unknown}
 q - 8 scrolls of identify {unknown}
 s - 2 scrolls of magic mapping {unknown}
 t - 2 scrolls of teleportation {unknown}
 u - a scroll of fog {unknown}
 w - a scroll of blinking {unknown}
 C - a scroll of enchant armour {unknown}
 F - a scroll of fear {unknown}
 H - a scroll of noise {unknown}
Potions
 a - a potion of degeneration {unknown}
 d - 3 potions of curing
 e - a potion of magic {unknown}
 f - a potion of lignification {unknown}
 h - 2 potions of flight {unknown}
 k - a potion of berserk rage {unknown}
 r - 2 potions of resistance {unknown}
 A - 2 potions of cancellation {unknown}
 B - a potion of heal wounds {unknown}
 D - a potion of haste {unknown}
 G - a potion of ambrosia {unknown}
 J - a potion of brilliance {unknown}


   Skills:
 + Level 0.8 Fighting
 + Level 4.0 Dodging
 - Level 2.4 Stealth
 + Level 12.9 Spellcasting
 + Level 9.1 Conjurations
 + Level 1.1 Summonings
 + Level 2.5 Translocations
 + Level 2.0 Fire Magic
 + Level 2.0 Air Magic
 + Level 1.4 Earth Magic
 + Level 2.8 Poison Magic
 + Level 0.2 Evocations


You had 24 spell levels left.
You knew the following spells:

 Your Spells              Type           Power      Damage    Failure   Level
a - Magic Dart            Conj           100%       1d8       1%          1
b - Blink                 Tloc           64%        N/A       1%          2
c - Conjure Flame         Conj/Fire      65%        6-21      1%          3
d - Mephitic Cloud        Conj/Pois/Air  44%        N/A       1%          3

Your spell library contained the following spells:

 Spells                   Type           Power      Damage    Failure   Level
 Apportation              Tloc           64%        N/A       1%          1
 Summon Small Mammal      Summ           96%        N/A       1%          1
 Call Imp                 Summ           24%        N/A       2%          2
 Animate Skeleton         Necr           36%        N/A       3%          1
 Slow                     Hex            72%        N/A       3%          1
 Portal Projectile        Hex/Tloc       50%        N/A       5%          3
 Inner Flame              Hex/Fire       35%        N/A       6%          3
 Ozocubu's Armour         Ice            18%        N/A       9%          3
 Cause Fear               Hex            9%         N/A       30%         4
 Blade Hands              Tmut           9%         N/A       63%         5
 Excruciating Wounds      Necr           9%         N/A       63%         5
 Ozocubu's Refrigeration  Ice            9%         4d6       100%        7
 Discord                  Hex            9%         N/A       100%        8


Dungeon Overview and Level Annotations

Branches:
Dungeon (9/15)             Temple (1/1) D:4
   Lair: D:8-11         Orc: D:9-12

Altars:
Ashenzari
Cheibriados
Dithmenos
Elyvilon
Fedhas
Gozag
Hepliaklqana
Kikubaaqudgha
Nemelex Xobeh
Okawaru
Qazlal
Sif Muna
Trog
Uskayaw
Wu Jian
Xom
Yredelemnul
Zin
The Shining One

Shops:
D:7 *

Annotations:
D:3 exclusion: downstairs
D:5 2 transporters, exclusion: downstairs, doomsgape's ghost, novice NaHu
D:7 exclusion: downstairs
D:9 exclusions: ugly thing and upstairs, Joseph; Maggie


Message History

You blink.
The wight hits you with a +3 short sword.
You feel drained. The wight closely misses you.
The wight is distracted by your dazzling golden aura.
You feel stable enough to blink again.
The wight is no longer distracted by gold.
The wight misses you. The wight misses you.
A shadow imp comes into view.
The cyan ugly thing gurgles horribly!
The orc warrior shouts!
The shadow imp hits you.
The shadow imp hits you but does no damage.
The shadow imp completely misses you.
Aiming: Paralyse
Press: ? - help, Shift-Dir - straight line, f - cyan ugly thing
Aim: a cyan ugly thing (chance to affect: 32%)
The cyan ugly thing easily resists.
Unknown command.
Okay, then.
As you read the scroll labelled AGIFIR AGROBAD, it crumbles to dust.
It is a scroll of amnesia.
Forget Mephitic Cloud, freeing 3 spell levels for a total of 27?
Really abort (and waste the scroll)?
Really abort (and waste the scroll)? [Y]es or [N]o only, please.
Really abort (and waste the scroll)?
Okay, then.
The cyan ugly thing closely misses you.
Unknown command.
Casting: Blink (safe; 1% risk of failure)
Confirm with . or Enter, or press ? or * to list all spells.
You blink.
The orc warrior hits you with a +0 flail.
The wight hits you with a +0 great sword!
* * * LOW HITPOINT WARNING * * *
You feel drained.
* * * LOW HITPOINT WARNING * * *
The wight hits you with a +1 hand axe.
You die...
Your body crumbles into a pile of gold.

#.....#........
#####..o.....######
###.>....#....#
#...###..#.##.#
#.#####z.#z#..##### $
#.zz.....#.#......#
###########$#....###.#
#...§u5zzz#o##...###
#.#######z@........#
###.##$###.# #.##.# .#
#....# # ###### $


You could see a cyan ugly thing, an orc warrior, 4 wights and a shadow imp.

Vanquished Creatures
  A two-headed ogre (D:8)
  A vampire (D:8)
  A steam dragon (D:8)
  Edmund (D:4)
  A water moccasin (D:8)
  A sky beast (D:8)
  2 orc warriors
  An ogre (D:3)
  An ice beast (D:5)
  2 centaurs (D:9)
  A phantom (D:5)
  A kobold brigand (D:9)
  A wyvern zombie (D:7)
  3 bullfrogs
  2 scorpions
  5 killer bees
  6 wights (D:7)
  2 centaur zombies (D:9)
  4 orc priests
  A centaur skeleton (D:7)
  2 gnoll shamans
  2 hounds
  Jessica (D:3)
  Terence (D:2)
  3 iguanas
  Natasha (thrice) (D:3)
  An orc wizard (D:8)
  A howler monkey zombie (D:9)
  A howler monkey skeleton (D:4)
  7 gnolls
  2 adders
  A shadow imp (D:6)
  A white imp (D:7)
  An ufetubus (D:5)
  2 worms
  2 dart slugs
  13 orcs
  2 endoplasms (D:1)
  6 goblins
  6 hobgoblins
  3 jackals (D:2)
  2 quokkas
  3 ball pythons
  3 bats
  3 frilled lizards
  9 kobolds
  6 rats
125 creatures vanquished.

Vanquished Creatures (others)
  3 plants (D:4)
3 creatures vanquished.

Grand Total: 128 creatures vanquished

Notes
Turn   | Place    | Note
-------+----------+-------------------------------------------
     0 | D:1      | H0rd4k the Deep Elf Hedge Wizard began the quest for the
                  | Orb.
     0 | D:1      | Reached XP level 1. HP: 10/10 MP: 7/7
     3 | D:1      | Noticed an electric eel
     4 | D:1      | Noticed an electric eel
   674 | D:1      | Reached XP level 2. HP: 15/15 MP: 6/9
  1194 | D:2      | Reached skill level 5 in Spellcasting
  1482 | D:2      | Identified the +7 dagger of Tueges {venom, *Noise Will++
                  | Int+4 Dex-3}
  1604 | D:2      | Found a faded altar of an unknown god.
  1721 | D:2      | Reached XP level 3. HP: 19/19 MP: 3/11
  1724 | D:2      | Learned a level 2 spell: Blink
  1728 | D:2      | Learned a level 3 spell: Conjure Flame
  1732 | D:2      | Learned a level 3 spell: Mephitic Cloud
  1853 | D:2      | Noticed Terence
  1948 | D:2      | Killed Terence
  2420 | D:3      | Reached XP level 4. HP: 24/24 MP: 10/13
  2718 | D:3      | Noticed Jessica
  2725 | D:3      | Killed Jessica
  2824 | D:3      | Noticed Natasha
  2832 | D:3      | Killed Natasha
  2833 | D:3      | Reached skill level 6 in Spellcasting
  2833 | D:3      | Reached skill level 1 in Air Magic
  3074 | D:3      | Noticed an ogre
  3091 | D:3      | Killed an ogre
  3092 | D:3      | Reached skill level 1 in Earth Magic
  3092 | D:3      | Reached skill level 1 in Poison Magic
  3092 | D:3      | Reached XP level 5. HP: 28/28 MP: 4/15
  3205 | D:3      | Noticed Natasha
  3208 | D:3      | Killed Natasha
  3341 | D:3      | Noticed Natasha
  3348 | D:3      | Killed Natasha
  3349 | D:3      | Reached XP level 6. HP: 19/32 MP: 10/17
  3964 | D:4      | Found a staircase to the Ecumenical Temple.
  3974 | D:4      | Reached skill level 7 in Spellcasting
  4130 | D:4      | Noticed Edmund
  4200 | Temple   | Entered the Ecumenical Temple
  4381 | Temple   | Became a worshipper of Gozag Ym Sagoz the Greedy
  5318 | D:4      | Killed Edmund
  5319 | D:4      | Reached XP level 7. HP: 36/36 MP: 3/20
  5731 | D:5      | Entered Level 5 of the Dungeon
  5791 | D:5      | Reached skill level 8 in Spellcasting
  6204 | D:5      | Found a transporter.
  6205 | D:5      | Found a transporter.
  6206 | D:5      | Noticed doomsgape's ghost (novice NaHu)
  6251 | D:5      | Reached skill level 9 in Spellcasting
  6383 | D:5      | Found a bloodstained altar of Trog.
  7198 | D:6      | Reached skill level 5 in Conjurations
  7198 | D:6      | Reached skill level 1 in Fire Magic
  7463 | D:7      | Reached XP level 8. HP: 41/41 MP: 9/23
  8101 | D:7      | Reached skill level 10 in Spellcasting
  8750 | D:7      | Found Utwe's Assorted Antiques.
  9492 | D:7      | Reached skill level 11 in Spellcasting
  9914 | D:8      | Noticed a cyan ugly thing
  9915 | D:8      | Reached XP level 9. HP: 44/46 MP: 15/26
 10312 | D:9      | Noticed a cyan ugly thing
 10813 | D:9      | Reached skill level 12 in Spellcasting
 11034 | D:9      | Noticed Maggie
 11321 | D:9      | Noticed Joseph
 11694 | D:8      | Noticed a two-headed ogre
 11791 | D:8      | Killed a two-headed ogre
 12152 | D:8      | Slain by a wight

Illustrated notes

Levels and vault maps discovered:
D:1:      arrival_aquarium_b, layout_loops_ring
D:2:      layout_basic, basic_ecumenical_altar, st_stairs_7, uniq_terence
D:3:      layout_loops_ring, uniq_jessica, uniq_natasha
D:4:      layout_basic, minmay_temple_entry_overgrown, kennysheep_nub,
          lemuel_old_faithful, uniq_edmund
D:5:      layout_basic, kennysheep_mini_moat, gammafunk_ghost_smash,
          skrybe_limestone_x
D:6:      layout_loops_ring
D:7:      layout_basic, serial_shops, nicolae_take_the_stairs
D:8:      layout_basic
D:9:      layout_stronghold, uniq_joseph, uniq_maggie
Temple:   mainiacjoe_temple_starburst

Skill      XL: |  1  2  3  4  5  6  7  8  9 |
---------------+----------------------------+-----
Dodging        | 3 4 |  4.0
Spellcasting   | 5 6 7 9 11 12 | 12.9
Conjurations   | 2 3 4 5 7 9 |  9.1
Air Magic      | 1 2 |  2.0
Earth Magic    | 1 |  1.4
Poison Magic   | 1 2 |  2.8
Fire Magic     | 1 2 |  2.0
Translocations | 2 |  2.5
Fighting       | |  0.8
Stealth        | |  2.4
Summonings     | |  1.1
Evocations     | |  0.2

Action                   |  1- 3 |  4- 6 |  7- 9 || total
-------------------------+-------+-------+-------++-------
Melee: Dagger            |       |     6 |     3 ||     9
       Punch             |       |     1 |       ||     1
 Cast: Magic Dart        |    92 |   110 |   383 ||   585
       Conjure Flame     |     2 |     6 |    33 ||    41
       Mephitic Cloud    |     1 |     2 |    20 ||    23
       Blink             |       |       |    18 ||    18
Evoke: Wand              |       |       |     3 ||     3
  Use: Scroll            |       |       |     1 ||     1
Armor: Robe              |     2 |       |    21 ||    23
Dodge: Dodged            |    14 |     9 |    81 ||   104
